 Dungeon Crawl Stone Soup version 0.19.5 (webtiles) character file.

4528 galech the Cleaver (level 10, -5/88 HPs)
             Began as a Deep Dwarf Fighter on Mar 17, 2017.
             Was a Believer of Makhleb.
             Slain by Agrougrou's ghost (32 damage)
             ... on level 9 of the Dungeon.
             The game lasted 00:16:44 (6221 turns).

galech the Cleaver (Deep Dwarf Fighter)             Turns: 6221, Time: 00:16:44

Health: -5/88      AC: 17    Str: 24    XL:     10   Next: 17%
Magic:  6/6        EV: 12    Int:  8    God:    Makhleb [**....]
Gold:   31         SH: 12    Dex: 16    Spells: 0 memorised, 9 levels left

rFire  + . .     SeeInvis +     a - +0 war axe
rCold  + . .     Gourm    .     G - +1 scale mail {rC+}
rNeg   . . .     Faith    .     c - +0 shield
rPois  .         Spirit   .     l - +0 helmet
rElec  .         Reflect  .     N - +1 cloak {MR+}
rCorr  .         Harm     .     k - +0 pair of gloves
MR     +++..                    M - +2 pair of boots
Stlth  ..........               t - amulet of rage
                                P - ring of protection from fire
                                H - ring of see invisible

@: exhausted, non-regenerating, slowed, very slow
A: damage resistance, recharge devices, agile 2, magic resistance 1, sense
surroundings 2, slow regeneration 3
a: Device Recharging, Minor Destruction, Renounce Religion, Evoke Berserk Rage


You were on level 9 of the Dungeon.
You worshipped Makhleb.
Makhleb was pleased with you.
You were very hungry.

You visited 2 branches of the dungeon, and saw 10 of its levels.

You collected 423 gold pieces.
You spent 392 gold pieces at shops.

Inventory:

Hand Weapons
 a - a +0 war axe (weapon)
Armour
 c - a +0 shield (worn)
 k - a +0 pair of gloves (worn)
 l - a +0 helmet (worn)
 G - a +1 scale mail of cold resistance (worn)
 M - a +2 pair of boots (worn)
 N - a +1 cloak of magic resistance (worn)
Jewellery
 t - an amulet of rage (around neck)
 w - an uncursed amulet of guardian spirit
 H - a ring of see invisible (left hand)
 P - a ring of protection from fire (right hand)
Wands
 e - a wand of heal wounds (6/9)
 D - a wand of random effects (26/48)
 L - a wand of acid (6/15)
 S - a wand of lightning (9/15)
Scrolls
 d - 3 scrolls of remove curse {unknown}
 p - 2 scrolls of fear {unknown}
 q - 5 scrolls of immolation {unknown}
 r - 2 scrolls of random uselessness {unknown}
 s - 3 scrolls of amnesia {unknown}
 x - 2 scrolls of fog {unknown}
 y - 5 scrolls of recharging {unknown}
 A - 3 scrolls of magic mapping
 I - 3 scrolls of teleportation {unknown}
 Q - 2 scrolls of enchant weapon
 T - a scroll of noise {unknown}
Potions
 b - a potion of brilliance
 i - 2 potions of cure mutation
 j - 3 potions of magic
 m - a potion of heal wounds
 n - 2 potions of mutation
 u - 3 potions of curing
 v - 4 potions of flight {unknown}
 z - 2 potions of degeneration
 F - a potion of might
 J - 2 potions of lignification
Books
 K - a book of Misfortune

   Spells                             Type                      Level
   a - Confusing Touch                Hexes                        1
   b - Confuse                        Hexes                        3
   c - Gell's Gravitas                Hexes/Translocation          3
   d - Petrify                        Transmutation/Earth          4
   e - Metabolic Englaciation         Hexes/Ice                    5
   f - Yara's Violent Unravelling     Hexes/Transmutation          5
Comestibles
 f - 9 bread rations
 g - 3 slices of pizza
 h - 2 beef jerkies
 o - 6 chunks of flesh
 B - 5 fruits
 C - 2 royal jellies
 E - 4 meat rations


   Skills:
 + Level 5.5 Fighting
 + Level 9.9 Axes
 + Level 7.0 Armour
 + Level 4.7 Dodging
 + Level 0.6 Stealth
 + Level 8.9 Shields
 + Level 3.0 Evocations


You had 9 spell levels left.
You didn't know any spells.

Dungeon Overview and Level Annotations

Branches:
Dungeon (9/15)             Temple (1/1) D:5
   Lair: D:8-11         Orc: D:9-12

Altars:
Ashenzari
Cheibriados
Dithmenos
Elyvilon
Fedhas
Gozag
Hepliaklqana
Kikubaaqudgha
Makhleb
Nemelex Xobeh
Okawaru
Qazlal
Ru
Sif Muna
Trog
Uskayaw
Vehumet
Xom
Yredelemnul
Zin
The Shining One

Shops:
D:6 ?   D:7 [

Annotations:
D:9 Agrougrou's ghost, novice OgGl


Innate Abilities, Weirdness & Mutations

You are resistant to damage.
You can recharge devices by infusing magical energy.
You passively map the area around you.
You do not regenerate.
You are very agile. (Dex +4)
You are resistant to hostile enchantments. (MR+)


Message History

You slash Agrougrou's ghost!
Agrougrou's ghost is almost destroyed.
You are no longer berserk.
You are exhausted.
You feel yourself slow down.
Agrougrou's ghost hits you but does no damage.
You closely miss Agrougrou's ghost.
Agrougrou's ghost is almost destroyed.
You block Agrougrou's ghost's attack.
You closely miss Agrougrou's ghost.
Agrougrou's ghost is almost destroyed.
Agrougrou's ghost hits you but does no damage.
Agrougrou's ghost hits you!
You slash Agrougrou's ghost!
Agrougrou's ghost is almost destroyed.
Agrougrou's ghost closely misses you.
You hit Agrougrou's ghost but do no damage.
Agrougrou's ghost is almost destroyed.
Agrougrou's ghost hits you!! x2
You die...

...#.# *......., * *
...#.# *###+### *
._.#.# * ,* .).#.# ,,
** ...#.# ##+#######
.#.#.## #........# ,,
.###..######........+
P.....'...##........#
,
......###..'...W@...#
* , , ......#
####........# * , , ,
####+## #######+## *
* *, **, ,, *, * * ,
* ** * *+ , * ,,, , +
,,, * * **, , ,


You could see Agrougrou's ghost.

Vanquished Creatures
  The ghost of Azzok the Cleaver, a novice HOFi (D:6)
  Psyche (D:8)
  Maurice (D:8)
  2 hippogriffs
  A spriggan (D:7)
  The ghost of Azzok the Chopper, an amateur HOFi (D:3)
  An orc warrior (D:8)
  A necrophage (D:5)
  3 sky beasts
  3 ogres
  2 centaurs
  A big kobold (D:7)
  3 bullfrogs
  A wyvern skeleton (D:8)
  A water moccasin skeleton (D:8)
  A scorpion (D:5)
  9 killer bees
  8 crimson imps
  A bullfrog zombie (D:9)
  A jelly (D:5)
  A quasit (D:7)
  4 hounds
  An orc priest (D:8)
  5 orc wizards
  Ijyb (D:2)
  An iguana (D:7)
  6 worker ants
  A killer bee zombie (D:6)
  2 hound skeletons
  7 gnolls
  A howler monkey skeleton (D:6)
  9 adders
  An ooze (D:4)
  2 adder skeletons
  5 worms
  2 dart slugs
  5 leopard geckos
  19 orcs
  6 giant cockroaches
  6 goblins
  3 hobgoblins
  3 quokkas
  2 bats
  11 frilled lizards
  A giant cockroach zombie (D:5)
  8 kobolds
  A leopard gecko zombie (D:5)
  A quokka skeleton (D:4)
  A quokka zombie (D:5)
  25 rats
184 creatures vanquished.

Vanquished Creatures (others)
  A crimson imp (D:8)
  A worker ant (D:8)
  An adder (D:8)
  A quokka (D:8)
4 creatures vanquished.

Grand Total: 188 creatures vanquished

Notes
Turn   | Place    | Note
-------+----------+-------------------------------------------
     0 | D:1      | galech the Deep Dwarf Fighter began the quest for the Orb.
     0 | D:1      | Reached XP level 1. HP: 20/20 MP: 1/1
   302 | D:1      | Reached XP level 2. HP: 25/27 MP: 2/2
   777 | D:2      | Reached XP level 3. HP: 32/34 MP: 3/3
   802 | D:2      | Noticed Ijyb
   813 | D:2      | Killed Ijyb
   869 | D:2      | Reached skill level 3 in Axes
   877 | D:2      | Reached XP level 4. HP: 39/42 MP: 4/4
   898 | D:2      | Found a basalt altar of Yredelemnul.
  1137 | D:2      | Found a faded altar of an unknown god.
  1331 | D:3      | Noticed Azzok's ghost (amateur HOFi)
  1377 | D:4      | Noticed an ogre
  1386 | D:4      | Killed an ogre
  1386 | D:4      | Reached XP level 5. HP: 27/49 MP: 5/5
  1389 | D:4      | Reached skill level 4 in Axes
  1553 | D:4      | Reached skill level 1 in Dodging
  1553 | D:4      | Reached skill level 5 in Shields
  1561 | D:4      | Reached XP level 6. HP: 38/56 MP: 5/5
  1647 | D:4      | Found a deep blue altar of Sif Muna.
  2295 | D:5      | Entered Level 5 of the Dungeon
  2457 | D:5      | Reached skill level 1 in Evocations
  2492 | D:5      | Reached skill level 5 in Axes
  2496 | D:5      | Found a staircase to the Ecumenical Temple.
  2504 | Temple   | Entered the Ecumenical Temple
  2708 | D:5      | Reached XP level 7. HP: 44/63 MP: 5/5
  2760 | D:5      | Found an iron altar of Okawaru.
  2894 | D:5      | Found an opulent altar of Gozag.
  2991 | D:6      | Noticed Azzok's ghost (novice HOFi)
  3103 | D:6      | Reached skill level 6 in Axes
  3369 | D:6      | Gained mutation: You are agile. (Dex +2) [mutagenic meat]
  3409 | D:6      | Found Zaemoc's Magic Scroll Emporium.
  3426 | D:7      | Reached XP level 8. HP: 40/72 MP: 6/6
  3432 | D:7      | Found a burning altar of Makhleb.
  3437 | D:7      | Found a glowing silver altar of Zin.
  3437 | D:7      | Noticed a cacodemon
  3437 | D:7      | Noticed an angel
  3440 | D:7      | Became a worshipper of Makhleb the Destroyer
  3450 | D:7      | Found Biqeutz's Armour Emporium.
  3463 | D:7      | Bought a +0 helmet for 58 gold pieces
  3463 | D:7      | Bought a +1 cloak of magic resistance for 214 gold pieces
  3547 | D:7      | Reached skill level 5 in Armour
  3686 | D:7      | Reached skill level 7 in Axes
  3692 | D:7      | Gained mutation: You are very agile. (Dex +4) [mutagenic meat]
  3693 | D:7      | Gained mutation: You are resistant to hostile enchantments. (MR+) [mutagenic meat]
  3861 | D:7      | Found a sacrificial altar of Ru.
  3884 | D:7      | Found a snail-covered altar of Cheibriados.
  4192 | D:7      | Noticed a hippogriff
  4225 | D:7      | Killed a hippogriff
  4230 | D:7      | Reached * piety under Makhleb
  4242 | D:7      | Gained mutation: You passively map the area around you. [Deep Dwarf growth]
  4242 | D:7      | Reached XP level 9. HP: 53/80 MP: 6/6
  4603 | D:3      | Killed Azzok's ghost
  4603 | D:3      | Reached skill level 5 in Fighting
  4603 | D:3      | Reached skill level 8 in Axes
  4768 | D:6      | Killed Azzok's ghost
  5291 | D:8      | Noticed Maurice
  5297 | D:8      | Reached skill level 9 in Axes
  5482 | D:8      | Noticed Psyche
  5494 | D:8      | Killed Psyche
  5551 | D:8      | Killed Maurice
  5551 | D:8      | Reached XP level 10. HP: 65/88 MP: 8/8
  5736 | D:8      | Reached ** piety under Makhleb
  5772 | D:8      | Found a shimmering altar of Xom.
  5998 | D:6      | Bought a scroll of enchant weapon for 82 gold pieces
  5998 | D:6      | Bought a scroll of magic mapping for 38 gold pieces
  6112 | D:9      | Found an ancient bone altar of Kikubaaqudgha.
  6145 | D:9      | Noticed Agrougrou's ghost (novice OgGl)
  6221 | D:9      | Slain by Agrougrou's ghost

Skill      XL: |  1  2  3  4  5  6  7  8  9 10 |
---------------+-------------------------------+-----
Fighting       | 3 4 5 |  5.5
Axes           | 3 4 5 6 7 9 |  9.9
Shields        | 4 5 6 7 8 |  8.9
Armour         | 4 5 6 7 |  7.0
Dodging        | 1 2 3 4 |  4.7
Evocations     | 1 2 3 |  3.0
Stealth        | |  0.6

Action                   |  1- 3 |  4- 6 |  7- 9 | 10-12 || total
-------------------------+-------+-------+-------+-------++-------
Melee: War axe           |   105 |   217 |   392 |    88 ||   802
 Abil: Device Recharging |       |     2 |     2 |     2 ||     6
       Evoke Berserk Rag |       |       |     2 |     1 ||     3
Evoke: Wand              |       |     6 |    12 |     4 ||    22
  Use: Potion            |       |     1 |       |       ||     1
       Scroll            |       |       |     6 |     2 ||     8
  Eat: Chunk             |       |     6 |    11 |     2 ||    19
       Bread ration      |       |       |     1 |       ||     1
Armor: Scale mail        |    44 |    71 |   188 |    36 ||   339
Dodge: Dodged            |    30 |    52 |   172 |    35 ||   289
Block: Shield            |    58 |   121 |   317 |    55 ||   551
